 Dungeon Crawl Stone Soup version 0.28.0-43-g3370ac3207 (webtiles) character file.

Game seed: 14780215289307446171

394 experimilk the Shooter (level 7, -1/48 HPs)
             Began as a Human Arcane Marksman on Mar 12, 2022.
             Was an Initiate of Okawaru.
             Slain by an orc
             ... wielding a +2 falchion of holy wrath
              (2 damage)
             ... on level 5 of the Dungeon.
             The game lasted 00:19:07 (6648 turns).

experimilk the Shooter (Human Arcane Marksman)      Turns: 6648, Time: 00:19:09

Health: -1/48      AC:  3    Str: 10    XL:     7   Next: 9%
Magic:  8/8        EV: 12    Int: 15    God:    Okawaru [......]
Gold:   193        SH:  0    Dex: 14    Spells: 3/8 levels left

rFire   . . .      SeeInvis .   a - +2 shortbow (freeze)
rCold   . . .      Faith    .   (shield currently unavailable)
rNeg    . . .      Spirit   .   d - +0 robe
rPois   .          Reflect  .   (no helmet)
rElec   .          Harm     .   p - +0 cloak
rCorr   .          Rampage  .   (no gloves)
Will    .....                   (no boots)
Stlth   +.........              (no amulet)
HPRegen 0.16/turn               (no ring)
MPRegen 0.11/turn               (no ring)

@: no status effects
A: no striking features
a: Renounce Religion


You were on level 5 of the Dungeon.
You worshipped Okawaru.
Okawaru was noncommittal.
You visited 1 branch of the dungeon, and saw 5 of its levels.

You collected 193 gold pieces.

Inventory:

Hand Weapons
 a - a +2 shortbow of freezing (weapon)
 b - a +1 short sword of venom
Missiles
 c - 72 arrows (quivered ammo)
Armour
 d - a +0 robe (worn)
 f - a +0 leather armour
 m - a +0 scale mail
 p - a +0 cloak (worn)
Wands
 n - a wand of paralysis (4)
Potions
 e - a potion of lignification
 h - a potion of resistance {unknown}
 i - 2 potions of flight
 j - a potion of magic {unknown}
 k - a potion of invisibility {unknown}
 l - a potion of curing {unknown}
 o - a potion of mutation {unknown}


   Skills:
 + Level 1.0 Fighting
 * Level 7.0 Bows
 - Level 2.0 Dodging
 - Level 1.0 Spellcasting
 + Level 3.0 Hexes
 + Level 0.2 Invocations


You had 3 spell levels left.
You knew the following spells:

 Your Spells              Type           Power      Damage    Failure   Level
a - Slow                  Hex            36%        N/A       7%          1
b - Cause Fear            Hex            4%         N/A       56%         4

Your spell library contained the following spells:

 Spells                   Type           Power      Damage    Failure   Level
 Inner Flame              Hex/Fire       5%         N/A       36%         3
 Portal Projectile        Hex/Tloc       10%        N/A       36%         3


Dungeon Overview and Level Annotations

Branches:
Dungeon (5/15)
 Temple: D:4-7

Altars:
Dithmenos
Okawaru


Message History

You shoot an arrow. The arrow hits the water moccasin.
The water moccasin seems to slow down.
The arrow freezes the water moccasin.
The water moccasin is moderately wounded.
The hound stops to sniff the ground.
Something hits you but does no damage. The orc hits you but does no damage.
The water moccasin bites you.
* * * LOW HITPOINT WARNING * * *
Non-targeted confused fire: 74 arrows
Press: ? - help, Q - select action, (/) - cycle Dir - look around, f - activate Look: a water moccasin (moderately wounded, slow)
You shoot an arrow. The arrow hits the orc.
The arrow freezes the orc.
The orc is almost dead.
Something hits you but does no damage. The orc barely misses you.
Unknown command.
You cannot move. (Use ctrl+direction or * direction to attack without moving.) Non-targeted confused fire: 73 arrows
Press: ? - help, Q - select action, (/) - cycle Dir - look around, f - activate Look: a water moccasin (moderately wounded, slow)
You shoot an arrow.
The water moccasin is no longer moving slowly.
The water moccasin bites you but does no damage.
Something hits you but does no damage.
The orc hits you with a +2 falchion of holy wrath.
* * * LOW HITPOINT WARNING * * *
You cannot move. (Use ctrl+direction or * direction to attack without moving.) Unknown command.
It was a potion of cancellation.
Your magical effects are unravelling.
You feel magically purged.
You feel less wooden.
Your +0 cloak unmelds from your body.
Your +0 robe unmelds from your body.
You feel less confused.
The water moccasin completely misses you.
You hear some strange, mumbled words.
A magic dart appears from out of thin air!
The magic dart hits you.
* * * LOW HITPOINT WARNING * * *
The orc hits you with a +2 falchion of holy wrath.
You die...

# ###. #(.# #..####.## ...... .#
#.(.(..... #..... .# #...###.###
#..... .# #oSh.........# #
#..... .# ##{#.###..###.# #
#..... .# #@o#.# #.# #.# # .....
.# #S##o# #.# #.# # ####..###.#
####Z##.# #.# #.# # ........<.#
#...(.#o# #.# #.# #
#####.##.####.###.#o# #.# #.# #
#............# #.#S####.###.####
#..#.........###................
#..#..#............Z....###.....
#. #..###.#h############# ######


You could see a water moccasin, a hound, an adder, 2 orcs and a hound zombie.

Vanquished Creatures
  A bullfrog (D:4)
  A hound (D:4)
  A centaur skeleton (D:4)
  2 orc priests
  An iguana (D:4)
  A hound skeleton (D:4)
  5 adders
  4 gnolls
  2 worms (D:2)
  2 dart slugs
  8 orcs
  5 ball pythons
  8 endoplasms
  4 giant cockroaches
  3 goblins
  10 hobgoblins
  A quokka (D:2)
  7 bats
  3 frilled lizards
  9 kobolds
  3 rats
81 creatures vanquished.

Notes
Turn   | Place    | Note
-------+----------+-------------------------------------------
     0 | D:1      | experimilk the Human Arcane Marksman began the quest for
                  | the Orb.
     0 | D:1      | Reached XP level 1. HP: 15/15 MP: 2/2
   203 | D:1      | Reached XP level 2. HP: 14/21 MP: 3/3
   657 | D:1      | Reached skill level 3 in Bows
   977 | D:1      | Reached XP level 3. HP: 26/26 MP: 2/4
  1178 | D:1      | Found a faded altar of an unknown god.
  2646 | D:2      | Reached skill level 4 in Bows
  2646 | D:2      | Reached XP level 4. HP: 32/32 MP: 2/5
  2791 | D:3      | Learned a level 4 spell: Cause Fear
  3104 | D:3      | Reached XP level 5. HP: 37/37 MP: 6/6
  3810 | D:4      | Reached skill level 5 in Bows
  3835 | D:4      | Found a shadowy altar of Dithmenos.
  4259 | D:4      | Found an iron altar of Okawaru.
  4261 | D:4      | Noticed a bullfrog
  4287 | D:4      | HP: 1/37 [bullfrog (1)]
  4293 | D:4      | HP: 1/55 [bullfrog (2)]
  4310 | D:4      | Killed a bullfrog
  4311 | D:4      | Reached skill level 6 in Bows
  4311 | D:4      | Reached XP level 6. HP: 10/43 MP: 7/7
  4804 | D:4      | Became a worshipper of Warmaster Okawaru
  6281 | D:5      | Entered Level 5 of the Dungeon
  6290 | D:5      | Noticed a necrophage
  6438 | D:5      | Reached XP level 7. HP: 48/48 MP: 5/8
  6631 | D:5      | Noticed a water moccasin
  6636 | D:5      | Reached skill level 7 in Bows
  6648 | D:5      | HP: 1/48 [something/magic dart (4)]
  6648 | D:5      | Slain by an orc

Illustrated notes

Levels and vault maps discovered:
D:1:      nicolae_arrival_washed_ashore, layout_rooms,
          shapermc_ecumenical_altar_mp_highgroup, dk_noncrumbling_4,
          hangedman_abyss_or_decor_lesser_grid
D:2:      layout_rooms
D:3:      layout_basic
D:4:      layout_gridville, overflow_temple_1_default,
          overflow_temple_1_default, minmay_unequal
D:5:      nicolae_cairo_tiling, layout_loops_ring

Skill      XL: |  1  2  3  4  5  6  7 |
---------------+----------------------+-----
Bows           | 3 4 6 7 |  7.0
Fighting       | |  1.0
Dodging        | |  2.0
Spellcasting   | |  1.0
Hexes          | |  3.0
Invocations    | |  0.2

Action                   |  1- 3 |  4- 6 |  7- 9 || total
-------------------------+-------+-------+-------++-------
Melee: Short sword       |    34 |    10 |       ||    44
       Whip              |    38 |       |       ||    38
       Shortbow          |       |       |     1 ||     1
 Fire: Shortbow          |    56 |   150 |    18 ||   224
 Cast: Slow              |    23 |    28 |       ||    51
  Use: Scroll            |     3 |     5 |       ||     8
       Potion            |       |     3 |     2 ||     5
Armor: Robe              |    14 |    10 |     2 ||    26
       Skin              |       |    48 |    40 ||    88
Dodge: Dodged            |    48 |    59 |     9 ||   116
